 Dungeon Crawl Stone Soup version 0.22-a0-32-ga749362 (webtiles) character file.

805 gmonis the Basher (level 7, 0/58 HPs)
             Began as a Minotaur Berserker on Jan 3, 2018.
             Was a Priest of Trog.
             Slain by a gnoll
             ... wielding a +0 spear
              (6 damage)
             ... on level 5 of the Dungeon.
             The game lasted 00:14:07 (4515 turns).

gmonis the Basher (Minotaur Berserker)              Turns: 4515, Time: 00:14:08

Health: 0/58       AC:  8    Str: 23    XL:     7   Next: 60%
Magic:  6/6        EV:  8    Int:  9    God:    Trog [***...]
Gold:   122        SH:  0    Dex: 10    Spells: 6/6 levels left

rFire    . . .     SeeInvis .   a - +0 mace
rCold    . . .     Gourm    .   (no shield)
rNeg     . . .     Faith    .   s - +0 chain mail
rPois    .         Spirit   .   (helmet restricted)
rElec    .         Reflect  .   (no cloak)
rCorr    .         Harm     .   (no gloves)
MR       .....                  (no boots)
Stlth    ..........             (no amulet)
HPRegen  0.19/turn              (no ring)
MPRegen  0.10/turn              (no ring)

@: brilliant
A: retaliatory headbutt, horns 2
a: Berserk, Trog's Hand, Burn Spellbooks, Renounce Religion


You were on level 5 of the Dungeon.
You worshipped Trog.
Trog was most pleased with you.
You were not hungry.

You visited 1 branch of the dungeon, and saw 5 of its levels.

You collected 122 gold pieces.

Inventory:

Hand Weapons
 a - a +0 mace (weapon)
 b - a +0 hunting sling
 m - a +0 hunting sling
Missiles
 k - 151 stones (quivered)
Armour
 f - a +0 animal skin
 o - a +0 scale mail
 s - a +0 chain mail (worn)
Scrolls
 d - 4 scrolls of identify {unknown}
 e - 2 scrolls of teleportation {unknown}
 i - 2 scrolls of remove curse
 j - 3 scrolls of enchant weapon {unknown}
 l - 2 scrolls of immolation {unknown}
 q - a scroll of magic mapping {unknown}
 t - a scroll of fog {unknown}
 v - a scroll of enchant armour {unknown}
Potions
 g - a potion of ambrosia {unknown}
 h - a potion of heal wounds {unknown}
 n - a potion of flight {unknown}
 p - a potion of mutation {unknown}
 r - 2 potions of brilliance
 u - a potion of degeneration {unknown}
Comestibles
 c - 8 rations
 w - 2 chunks of flesh


   Skills:
 - Level 3.9 Fighting
 + Level 10.6 Maces & Flails
 - Level 2.5 Armour
 - Level 2.3 Dodging


You had 6 spell levels left.
You didn't know any spells.

Dungeon Overview and Level Annotations

Branches:
Dungeon (5/15)
 Temple: D:4-7

Altars:
Ashenzari
Elyvilon
Nemelex Xobeh
Ru
The Shining One


Innate Abilities, Weirdness & Mutations

You reflexively headbutt those who attack you in melee.
You have a pair of horns on your head.


Message History

The gnoll hits you but does no damage.
The gnoll hits you from afar with a spear!
* * * LOW HITPOINT WARNING * * *
Found 9 stones.
It was a potion of brilliance.
You feel clever all of a sudden.
Okay, then.
Unknown command.
You sock the gnoll!
You kill the gnoll!
Trog accepts your kill.
You start resting.
Eating one of 3 chunks of flesh.
You eat one of the 3 chunks of flesh.
This raw flesh tastes terrible.
The gnoll closely misses you. The gnoll hits you with a spear.
* * * LOW HITPOINT WARNING * * *
You closely miss the gnoll.
The gnoll is moderately wounded.
The gnoll hits you with a spear.
You die...

.............. .......#...(.
.......#.... .........#.....#
. #........#.....#####.# ..
.......................... ...
........................ ....
....# #.@...#....... .#
.....#...###g#####.......#.###
..............####......#.....
......<.####..g.g.....#.#.....
#..........#..##...####.......
..............#....#.....?....
#.......#.....#....†.(........
##......#.....#...##.......###
#.......#........).....#.....


You could see a gnoll.

Vanquished Creatures
  Prince Ribbit (D:5)
  A hungry ghost (D:4)
  The ghost of torrenera the Slasher, an amateur DsFi (D:3)
  A scorpion (D:4)
  A bullfrog skeleton (D:4)
  A hound (D:4)
  An iguana (D:4)
  An orc wizard (D:5)
  Robin (D:2)
  A gnoll (D:5)
  5 adders
  An ooze (D:3)
  An adder zombie (D:3)
  4 adder skeletons
  3 worms
  2 dart slugs
  3 leopard geckos
  7 orcs
  3 giant cockroaches
  14 goblins
  5 hobgoblins
  11 jackals
  8 kobolds
  2 ball pythons (D:2)
  A ball python zombie (D:3)
  5 bats
  8 frilled lizards
  A giant cockroach zombie (D:3)
  A quokka skeleton (D:5)
  8 rats
103 creatures vanquished.

Vanquished Creatures (others)
  A goblin (D:2)
1 creature vanquished.

Grand Total: 104 creatures vanquished

Notes
Turn   | Place    | Note
-------+----------+-------------------------------------------
     0 | D:1      | gmonis the Minotaur Berserker began the quest for the Orb.
     0 | D:1      | Reached XP level 1. HP: 19/19 MP: 0/0
   122 | D:1      | Reached skill level 4 in Maces & Flails
   122 | D:1      | Reached XP level 2. HP: 23/27 MP: 1/1
   626 | D:1      | Reached ** piety under Trog
   911 | D:1      | Reached XP level 3. HP: 33/33 MP: 2/2
  1138 | D:2      | Reached skill level 5 in Maces & Flails
  1305 | D:2      | Reached XP level 4. HP: 37/40 MP: 3/3
  1454 | D:2      | Noticed Robin
  1464 | D:2      | Killed Robin
  1464 | D:2      | Reached skill level 6 in Maces & Flails
  1937 | D:3      | Found a sparkling altar of Nemelex Xobeh.
  2169 | D:3      | Reached *** piety under Trog
  2358 | D:3      | Noticed torrenera's ghost (amateur DsFi)
  2371 | D:3      | Killed torrenera's ghost
  2371 | D:3      | Reached skill level 7 in Maces & Flails
  2371 | D:3      | Reached XP level 5. HP: 37/46 MP: 4/4
  2565 | D:3      | Reached XP level 6. HP: 51/52 MP: 5/5
  2649 | D:3      | Found a white marble altar of Elyvilon.
  2670 | D:3      | Reached skill level 8 in Maces & Flails
  3091 | D:4      | Found a glowing golden altar of the Shining One.
  3795 | D:4      | Noticed a hungry ghost
  3811 | D:4      | Killed a hungry ghost
  3811 | D:4      | Reached skill level 9 in Maces & Flails
  3811 | D:4      | Reached XP level 7. HP: 56/58 MP: 6/6
  3815 | D:4      | Paralysed by fainting for 12 turns
  3887 | D:4      | Found a sacrificial altar of Ru.
  3911 | D:4      | Found a shattered altar of Ashenzari.
  4314 | D:5      | Entered Level 5 of the Dungeon
  4480 | D:5      | Noticed Prince Ribbit
  4499 | D:5      | Killed Prince Ribbit
  4499 | D:5      | Reached skill level 10 in Maces & Flails
  4515 | D:5      | Slain by a gnoll

Vault maps used:
D:1:      mainiacjoe_arrival_reflecting_pool
D:2:      uniq_robin
D:3:      nemelex_xobeh_ov_fountains_minmay, nicolae_overflow_crystal_walls,
          serial_undead, serial_undead_d, serial_undead_b, serial_undead_f,
          serial_undead_a
D:4:      nicolae_overflow_hidden_temple, kennysheep_mini_moat, tso_metal_star,
          first_ration
D:5:      lemuel_round_altar, uniq_prince_ribbit1, uniq_duvessa

Skill      XL: |  1  2  3  4  5  6  7 |
---------------+----------------------+-----
Maces & Flails | 4 5 7 9 10 | 10.6
Fighting       | |  3.9
Armour         | |  2.5
Dodging        | |  2.3

Action                   |  1- 3 |  4- 6 |  7- 9 || total
-------------------------+-------+-------+-------++-------
Melee: Mace              |    56 |   133 |    38 ||   227
       Headbutt          |    10 |    20 |     6 ||    36
 Fire: Hunting sling     |       |     8 |     2 ||    10
Throw: Stone             |       |    22 |       ||    22
Invok: Berserk           |       |     2 |     1 ||     3
  Use: Scroll            |       |     1 |       ||     1
       Potion            |       |       |     1 ||     1
 Stab: Sleeping          |     1 |     1 |       ||     2
  Eat: Chunk             |     1 |     9 |     3 ||    13
       Ration            |       |       |     1 ||     1
Armor: Animal skin       |    15 |     5 |       ||    20
       Chain mail        |       |    16 |    18 ||    34
       Scale mail        |       |    10 |       ||    10
Dodge: Dodged            |    59 |    67 |    18 ||   144

Table legend:
 A = Spawn XP
 B = Non-spawn XP
 C = Spawn XP percentage of total XP
 D = Spawn monster count
 E = Non-spawn monster count
 F = Spawn count percentage of total count
 G = Total turns spent on level
                    A         B        C        D         E        F      G
               +---------+---------+-------+---------+---------+-------+---------
         Total |       0 |    1150 |   0.0 |       0 |     103 |   0.0 |  4515
               +---------+---------+-------+---------+---------+-------+---------
           D:1 |       0 |      44 |   0.0 |       0 |      25 |   0.0 |  1075
           D:2 |       0 |     100 |   0.0 |       0 |      30 |   0.0 |   842
           D:3 |       0 |     270 |   0.0 |       0 |      27 |   0.0 |  1121
           D:4 |       0 |     402 |   0.0 |       0 |      12 |   0.0 |  1276
           D:5 |       0 |     334 |   0.0 |       0 |       9 |   0.0 |   201
               +---------+---------+-------+---------+---------+-------+---------
